AoeStats
← FrankSinatrap

Four Lakes

509969605Analyzed
1v1 RM · 4d ago on Sep 28, 2026· 55m 3s· 2 players
Game mode
Random Map
Map size
Tiny (2 player)
Population
200
Speed
Normal
Resources
Standard
Victory
Conquest
Starting age
Dark Age
Ending age
Imperial Age
RankedLock teamsTeams togetherTeam positionsShared explorationLock speedFull tech treeHidden civsTurbo modeCheats
Victory
Defeat
🇲🇽 Dravidians · Mexico
1264
+23
🇬🇹 Varangians · Guatemala
1300
-18
FrankSinatrap
7:14 Loom
10:51 Feudal Age
11:32 Fishing Lines
11:40 Double-Bit Axe
19:15 Castle Age
17:31 Gold Mining
20:27 Wheelbarrow
19:56 Fletching
20:08 Padded Archer Armor
22:36 Bodkin Arrow
23:28 Gillnets
32:20 Imperial Age
31:06 Leather Archer Armor
31:28 Bow Saw
31:36 Hand Cart
31:07 Town Watch
31:46 Husbandry
32:35 Ballistics
33:35 Bracer
33:51 Thumb Ring
35:36 Chemistry
35:38 Devotion
36:46 Elite Elephant Archer
38:04 Light Cavalry
39:55 Ring Archer Armor
39:58 Scale Barding Armor
41:10 Hoardings
41:49 Forging
43:40 Medical Corps
44:24 Scale Mail Armor
45:02 Iron Casting
46:27 Masonry
46:12 Murder Holes
Nuiavof
10:47 Feudal Age
10:48 Loom
11:33 Double-Bit Axe
21:50 Castle Age
23:43 Bloodlines
23:34 Husbandry
27:10 Horse Collar
29:33 Wheelbarrow
31:07 Elite Skirmisher
33:43 Coinage
35:55 Imperial Age
34:28 Fletching
34:39 Padded Archer Armor
35:13 Bodkin Arrow
36:16 Leather Archer Armor
37:41 Bracer
39:01 Scale Mail Armor
39:31 Ring Archer Armor
39:58 Pikeman
40:55 Chain Mail Armor
41:22 Forging
41:01 Halberdier
41:55 Light Cavalry
43:40 Ballistics
43:38 Light Cavalry
44:31 Scale Barding Armor
44:36 Forging
45:36 Conscription
45:35 Hussar
46:32 Cavalier
47:35 Chain Barding Armor
47:52 Iron Casting
47:25 Vendel Legacy
52:32 Plate Barding Armor
52:58 Blast Furnace
Connection lost

Rejoining the realm…

Still unreachable

The connection could not be restored.

Session expired

The server has moved on; the page needs a fresh start.